cohdb
Replays
Latest Replays
All Replays
Popular Replays
Top Player Replays
Match Explorer
How It Works
Community
CoH3 Stats
Reddit
Sign in to upload your games and track your stats! →
Sign in with Steam
Match 41953887
Unlisted
Match 41953887
Overview
Messages
Build Orders
End
Selects Terror Battlegroup
Construct Infanterie Kompanie
Grenadier Squad
Grenadier Squad
Grenadier Squad
Pioneer Squad
Grenadier Squad
Selects Machine Gun Camouflage
Construct Panzergrenadier Kompanie
Pak 40 Anti-tank Gun Team
MähnGiL
GGing_GGang
Yisus
차니
kenleung
Error
神奇香蕉
寶兔兔
0
0
Comments
sign in to comment!
No comments posted yet!